 Dungeon Crawl Stone Soup version 0.29.1-1-gd02db6906a (webtiles) character file.

Game seed: 17950048125478519684

4926 sizableburger the Devout (level 10, -12/89 (91) HPs)
             Began as a Naga Earth Elementalist on Sept 15, 2022.
             Was a Priest of Zin.
             Mangled by an orc warrior
             ... wielding a +0 mace
              (13 damage)
             ... on level 9 of the Dungeon.
             The game lasted 00:31:18 (10331 turns).

sizableburger the Devout (Naga Earth Elementalist) Turns: 10331, Time: 00:31:20

HP:   -12/89 (91)   AC: 12    Str: 14    XL:     10   Next: 52%
MP:   17/17         EV:  9    Int: 25    God:    Zin [***...]
Gold: 455           SH:  5    Dex: 11    Spells: 13/19 levels left

rFire   + . .      SeeInvis +   w - +4 flail
rCold   . . .      Faith    .   B - +2 buckler
rNeg    . . .      Spirit   .   q - +3 leather armour {rPois}
rPois   +          Reflect  .   e - +2 helmet
rElec   .          Harm     .   y - +0 cloak
rCorr   .          Rampage  .   c - +0 pair of gloves of Inviolability {Str+4 Int+4}
Will    +....                   (no barding)
Stlth   ++........              (no amulet)
HPRegen 0.24/turn               s - ring of protection from fire
MPRegen 0.15/turn               (no ring)

@: on recite cooldown, lightly drained, very slow
A: AC +3, large, see invisible, deformed body, poison resistance, slowness 2,
spit poison 1, naga tail 1
a: Spit Poison, Renounce Religion, Recite, Vitalisation, Imprison, Donate Gold


You were on level 9 of the Dungeon.
You worshipped Zin.
Zin was most pleased with you.
You visited 2 branches of the dungeon, and saw 10 of its levels.
You also visited: Sewer.

You collected 557 gold pieces.
You spent 52 gold pieces at shops.
You donated 50 gold pieces to Zin.

Inventory:

Hand Weapons
 w - a +4 flail (weapon)
Armour
 c - the +0 pair of gloves of Inviolability (worn) {Str+4 Int+4}
   (You found it in a sewer)

   Str:       It affects your strength (+4).
   Int:       It affects your intelligence (+4).
 e - a +2 helmet (worn)
 q - a +3 leather armour of poison resistance (worn)
 y - a +0 cloak (worn)
 B - a +2 buckler (worn)
Jewellery
 s - a ring of protection from fire (left hand)
 v - an amulet of magic regeneration
 A - a ring of protection from cold
Wands
 u - a wand of roots (12)
 z - a wand of paralysis (13)
Scrolls
 b - a scroll of blinking
 d - a scroll of silence
 m - 5 scrolls of teleportation
 p - a scroll of fear
 r - a scroll of fog
Potions
 a - 7 potions of flight
 f - 2 potions of attraction {unknown}
 g - 2 potions of resistance
 h - 4 potions of lignification
 k - a potion of cancellation {unknown}
 l - 2 potions of haste
 n - 3 potions of curing
 o - a potion of mutation
 x - a potion of invisibility {unknown}


   Skills:
 - Level 6.1 Fighting
 + Level 4.6(5.2) Maces & Flails
 - Level 3.5(4.6) Staves
 + Level 3.0 Dodging
 - Level 3.0 Stealth
 - Level 5.0 Spellcasting
 - Level 4.2 Conjurations
 - Level 4.0 Transmutations
 + Level 6.9 Earth Magic
 + Level 6.9 Invocations


You had 13 spell levels left.
You knew the following spells:

 Your Spells              Type           Power      Damage    Failure   Level
a - Sandblast             Erth           82%        2d17      1%          1
b - Passwall              Tmut/Erth      27%        N/A       2%          2
c - Stone Arrow           Conj/Erth      68%        3d11      4%          3

Your spell library contained the following spells:

 Spells                   Type           Power      Damage    Failure   Level
 Petrify                  Tmut/Erth      33%        N/A       14%         4
 Gell's Gravitas          Tloc           6%         N/A       36%         3
 Lesser Beckoning         Tloc           6%         N/A       36%         3
 Teleport Other           Tloc           6%         N/A       36%         3


Dungeon Overview and Level Annotations

Branches:
Dungeon (9/15)             Temple (1/1) D:4           Sewer (visited)
   Lair: D:8-11         Orc: D:9-12

Altars:
Ashenzari
Cheibriados
Dithmenos
Elyvilon
Fedhas
Gozag
Hepliaklqana
Kikubaaqudgha
Makhleb
Nemelex Xobeh
Okawaru
Qazlal
Sif Muna
Trog
Uskayaw
Vehumet
Wu Jian
Yredelemnul
Zin
The Shining One

Shops:
D:4 (=(   D:7 *=

Annotations:
D:9 exclusion: obsidian statue


Innate Abilities, Weirdness & Mutations

Your serpentine skin is tough. (AC +3)
You have supernaturally acute eyesight. (SInv)
Armour fits poorly on your strangely shaped body.
Your system is resistant to poisons. (rPois)
You cover ground very slowly.
You can spit poison.
You have a snake-like lower body.


Message History

The orc warrior is almost dead. "...saw the bastard children of Xom filled with fear, for they were..."
You hear a shout!
The orc warrior hits you with a +0 mace.
* * * LOW HITPOINT WARNING * * *
Casting: Stone Arrow (mildly dangerous; 4% risk of failure)
Confirm with . or Enter, or press ? or * to list all spells.
Aiming: Stone Arrow (mildly dangerous; 4% risk of failure)
Press: ? - help, Shift-Dir - straight line, f/p - orc warrior
Aim: an orc warrior, wielding a +0 mace and wearing a +0 chain mail (almost dead, 71% to hit)
The stone arrow misses the orc warrior. "...chaotic and knew Zin's wrath would come for them."
The orc is limned with silver light.
You finish reciting Abominations 3:26.
You hear a shout!
The orc priest stops glowing.
The orc priest barely misses you.
The orc warrior hits you with a +0 mace!
* * * LOW HITPOINT WARNING * * *
Casting: Stone Arrow (mildly dangerous; 4% risk of failure)
Confirm with . or Enter, or press ? or * to list all spells.
Aiming: Stone Arrow (mildly dangerous; 4% risk of failure)
Press: ? - help, Shift-Dir - straight line, f/p - orc warrior
Aim: an orc warrior, wielding a +0 mace and wearing a +0 chain mail (almost dead, 71% to hit)
The stone arrow misses the orc warrior.
The orc priest invokes the aid of Beogh against you.
Pain shoots through your body!
* * * LOW HITPOINT WARNING * * *
The orc warrior hits you with a +0 mace.
* * * LOW HITPOINT WARNING * * *
You feel much better.
The orc priest looks satisfied for a moment.
The orc warrior hits you with a +0 mace!
* * * LOW HITPOINT WARNING * * *
Magic courses through your body.
A kobold comes into view. It is wielding a +0 dagger.
The orc priest calls down the wrath of Beogh upon you.
Beogh smites you!
* * * LOW HITPOINT WARNING * * *
The orc warrior hits you with a +0 mace!
You die...

#.###
####..#..#
#.
.o..o..K.#
.
o..<..#.##
####.##.#
#.##.# .
#K# # #o#
#o#####
#o@...#
#####.# #


You could see an orc warrior, a kobold brigand (dazed), an orc priest, an orc
(corona) and a kobold.

Vanquished Creatures
  Maurice (D:8)
  Sigmund (D:6)
  2 wyverns (D:7)
  Menkaure (D:4)
  2 orc warriors
  A black bear (D:6)
  A sky beast (D:7)
  An ice beast (D:5)
  2 centaurs
  5 ogres
  3 phantoms
  Blork the orc (D:4)
  A kobold brigand (D:8)
  6 bullfrogs
  2 scorpions
  A gnoll sergeant (D:8)
  A necrophage (D:4)
  12 wights
  10 killer bees
  A howler monkey (D:7)
  3 hounds
  Crazy Yiuf (D:7)
  3 orc priests (D:6)
  A jelly (D:8)
  Jessica (D:3)
  3 orc wizards
  4 iguanas (D:6)
  A merfolk siren (Sewer)
  Terence (D:2)
  A merfolk avatar (Sewer)
  5 gnolls (D:8)
  3 river rats (Sewer)
  11 adders
  4 white imps
  4 ufetubi
  A worm (D:2)
  A dart slug (D:2)
  25 orcs
  11 ball pythons
  4 bats
  A bat zombie (D:6)
  7 endoplasms
  6 giant cockroaches
  7 goblins
  4 hobgoblins
  6 jackals
  14 kobolds
  8 quokkas
  2 frilled lizards
  25 rats
  3 rat zombies (D:6)
226 creatures vanquished.

Notes
Turn   | Place    | Note
-------+----------+-------------------------------------------
     0 | D:1      | sizableburger the Naga Earth Elementalist began the quest
                  | for the Orb.
     0 | D:1      | Reached XP level 1. HP: 15/15 MP: 3/3
   239 | D:1      | Reached XP level 2. HP: 24/24 MP: 5/5
   269 | D:1      | Reached skill level 1 in Fighting
   364 | D:1      | Found a faded altar of an unknown god.
   497 | D:1      | Learned a level 2 spell: Passwall
  1166 | D:2      | Reached XP level 3. HP: 20/31 MP: 3/6
  1303 | D:2      | Learned a level 3 spell: Stone Arrow
  1670 | D:2      | Identified the +4 ring mail of the Marlin {rPois rF+ rC+}
  2124 | D:2      | Noticed Terence
  2134 | D:2      | HP: 1/32 [Terence/+4 antimagic hand axe (8)]
  2141 | D:2      | Killed Terence
  2142 | D:2      | Reached skill level 1 in Conjurations
  2142 | D:2      | Reached XP level 4. HP: 34/39 MP: 0/8
  2734 | D:3      | Found a glowing drain.
  2751 | Sewer    | Entered a sewer
  2986 | Sewer    | Reached XP level 5. HP: 35/45 MP: 1/10
  3341 | Sewer    | Noticed a malarious merfolk avatar
  3375 | Sewer    | Killed a malarious merfolk avatar
  3482 | Sewer    | Identified the +0 pair of gloves of Inviolability {Str+4
                  | Int+4}
  3596 | D:3      | Found a sparkling altar of Nemelex Xobeh.
  3757 | D:3      | Reached XP level 6. HP: 52/52 MP: 10/12
  3794 | D:3      | Noticed Jessica
  3811 | D:3      | Killed Jessica
  4276 | D:4      | Found Kahapteri's Antique Weapon Boutique.
  4362 | D:4      | Found a staircase to the Ecumenical Temple.
  4373 | Temple   | Entered the Ecumenical Temple
  4440 | Temple   | Became a worshipper of Elyvilon the Healer
  4467 | D:4      | Noticed Blork the orc
  4472 | D:4      | Killed Blork the orc
  4505 | D:4      | Reached XP level 7. HP: 56/62 MP: 7/13
  4506 | D:4      | Reached skill level 1 in Invocations
  4741 | D:4      | Found Deibunwe's Jewellery Emporium.
  4741 | D:4      | Noticed Menkaure
  5084 | D:4      | Killed Menkaure
  5222 | D:4      | Reached * piety under Elyvilon
  5234 | D:4      | Found Nushel's Weapon Shoppe.
  5237 | D:4      | Reached skill level 5 in Earth Magic
  5250 | D:4      | Reached XP level 8. HP: 53/69 MP: 1/14
  5341 | D:4      | Bought a +0 quarterstaff for 52 gold pieces
  5487 | D:5      | Entered Level 5 of the Dungeon
  5593 | D:5      | Reached skill level 1 in Staves
  5746 | D:5      | Found a blossoming altar of Fedhas.
  5878 | D:5      | Found a broken altar of Ashenzari.
  6570 | D:6      | Noticed Sigmund
  6572 | D:6      | Killed Sigmund
  6766 | D:6      | Reached ** piety under Elyvilon
  6788 | D:6      | Reached XP level 9. HP: 79/79 MP: 11/15
  6836 | D:6      | Reached skill level 5 in Invocations
  7285 | D:6      | Reached skill level 5 in Fighting
  7338 | D:6      | Reached skill level 1 in Maces & Flails
  7519 | D:6      | Reached skill level 5 in Spellcasting
  7729 | D:6      | Found an ancient bone altar of Kikubaaqudgha.
  7950 | D:7      | Found a hazy altar of Hepliaklqana.
  7953 | D:7      | Found Plog's Jewellery Shoppe.
  8225 | D:7      | Found Mehibucw's Island Escapes.
  8358 | D:7      | Reached XP level 10. HP: 63/91 MP: 8/17
  8541 | D:7      | Found a glowing silver altar of Zin.
  8555 | D:7      | Fell from the grace of Elyvilon
  8555 | D:7      | Became a worshipper of Zin the Law-Giver
  8555 | D:7      | Reached * piety under Zin
  8555 | D:7      | Reached ** piety under Zin
  8696 | D:7      | Found a runed translucent door.
  8697 | D:7      | Noticed Crazy Yiuf
  8703 | D:7      | Killed Crazy Yiuf
  8800 | D:8      | Found a glowing golden altar of the Shining One.
  8823 | D:8      | Noticed Maurice
  8847 | D:8      | Paralysed by Maurice for 5 turns
  8856 | D:8      | Killed Maurice
  9110 | D:8      | Reached *** piety under Zin
 10273 | D:9      | Noticed an obsidian statue
 10331 | D:9      | HP: 1/89 [orc priest/divine providence (15)]
 10331 | D:9      | Mangled by an orc warrior

Illustrated notes

Levels and vault maps discovered:
D:1:      dpeg_arrival_concentric_ovals, layout_loops_ring,
          ebering_ecumenical_altar_box, serial_bayou_pond_d
D:2:      layout_basic, dk_noncrumbling_2, chequers_serial_rivers_small_b,
          uniq_terence
D:3:      layout_loops_ring, lemuel_tele_altar, portal_sewer_entry_f,
          uniq_jessica
D:4:      layout_cave_pools, minmay_temple_entry_waves, serial_shops, shop,
          nicolae_shop_competitors_out_of_business, shop, uniq_blork_the_orc,
          uniq_menkaure
D:5:      layout_loops_ring, ashenzari_altar_1,
          mainiacjoe_overflow_tiny_flanked, minmay_misc_feat_ornament
D:6:      layout_rooms, lemuel_zombie_altar_kikubaaqudgha, minmay_bent,
          uniq_sigmund
D:7:      layout_cave_pools, lemuel_crystal_altar, lemuel_round_altar,
          minmay_shop_enchanted_jewellery, nicolae_island_escapes,
          uniq_crazy_yiuf_cottage
D:8:      layout_basic, lemuel_round_altar, uniq_maurice
D:9:      layout_loops_ring, gammafunk_ghost_nasty_kobolds, enter_bailey_7,
          glass_columns_c, st_stairs_12, minivault_16
Temple:   nicolae_temple_ecumenical_triangle

Skill      XL: |  1  2  3  4  5  6  7  8  9 10 |
---------------+-------------------------------+-----
Fighting       | 1 2 3 4 6 |  6.1
Spellcasting   | 3 4 5 |  5.0
Conjurations   | 1 2 3 4 |  4.2
Earth Magic    | 4 5 6 |  6.9
Invocations    | 3 4 5 6 |  6.9
Staves         | 3 |  3.5
Maces & Flails | 3 4 |  4.6
Transmutations | 3 4 |  4.0
Dodging        | 3 |  3.0
Stealth        | |  3.0

Action                   |  1- 3 |  4- 6 |  7- 9 | 10-12 || total
-------------------------+-------+-------+-------+-------++-------
Melee: Dagger            |    11 |    53 |     4 |       ||    68
       Punch             |       |     1 |       |     1 ||     2
       Quarterstaff      |       |       |     9 |       ||     9
       Flail             |       |       |     3 |    45 ||    48
 Cast: Sandblast         |    49 |    85 |   134 |    40 ||   308
       Stone Arrow       |       |     5 |    22 |    13 ||    40
Invok: Recite            |       |       |       |     3 ||     3
       Vitalisation      |       |       |       |     1 ||     1
 Abil: Spit Poison       |    17 |     7 |     2 |       ||    26
Evoke: Wand              |       |       |       |     1 ||     1
  Use: Potion            |     5 |     1 |     1 |     3 ||    10
       Scroll            |       |     9 |     4 |     6 ||    19
 Stab: Sleeping          |       |     4 |       |       ||     4
Armor: Leather armour    |    10 |    52 |   101 |    24 ||   187
       Robe              |     2 |       |       |       ||     2
Dodge: Dodged            |    16 |    61 |    76 |    30 ||   183
Block: Buckler           |       |       |       |     7 ||     7
